[Event "Titled Tuesday Blitz April 25 Early 2023"]
[White "Timofeev, Artyom"]
[Black "Toncheva, Nadya"]
[WhiteFideId "4140419"]
[BlackFideId "2924056"]
[WhiteElo "2586"]
[BlackElo "2101"]
[Result "1/2-1/2"]
[Round "01"]
[TimeControl "180+2"]
[Date "2023.04.25"]
[WhiteClock "0:00:03"]
[BlackClock "0:00:10"]

1. c4 c6 2. e4 d5 3. exd5 cxd5 4. d4 Nf6 5. Nc3 e6 6. Nf3 Be7 7. Bd3 dxc4 8. Bxc4 Nc6 9. O-O O-O 10. Re1 a6 11. Bg5 b5 12. Bb3 Bb7 13. Rc1 Rc8 14. Bc2 Nb4 15. Bb1 Nbd5 16. Qd3 g6 17. Ne5 b4 18. Na4 Rxc1 19. Rxc1 Nd7 20. Bxe7 Qxe7 21. g3 Qd6 22. Nxd7 Qxd7 23. Nc5 Qc6 24. Qf3 Ba8 25. Be4 Qd6 26. h4 f5 27. Bxd5 Bxd5 28. Qf4 Qxf4 29. gxf4 Rc8 30. b3 a5 31. Re1 Kf7 32. Kf1 h6 33. Ke2 Rc7 34. Ke3 Kf6 35. Rc1 Rh7 36. Nd3 g5 37. hxg5+ hxg5 38. fxg5+ Kxg5 39. Rg1+ Kf6 40. Nf4 Be4 41. f3 Bd5 42. Rg2 Rh1 43. Rc2 Re1+ 44. Kf2 Ra1 45. Kg3 Rg1+ 46. Kf2 Ra1 47. Ke3 Re1+ 48. Re2 Rxe2+ 49. Nxe2 a4 50. bxa4 Bxa2 51. a5 b3 52. Nc3 b2 53. a6 Bd5 54. a7 Bb7 55. f4 Ke7 56. Kd2 Kd6 57. Kc2 Kc7 58. Kxb2 Kb6 59. Na4+ Kxa7 60. Nc5 Bd5 61. Kc3 Kb6 62. Kb4 Kc6 63. Kc3 Ba2 64. Kd3 Kd5 65. Ke3 Bc4 66. Nd7 Kd6 67. Ne5 Bd5 68. Kd3 Be4+ 69. Kc4 Bd5+ 70. Kc3 Be4 71. Nc4+ Kc6 72. Ne3 Kd6 73. Kb4 Bf3 74. Kb5 Bc6+ 75. Kb6 Be4 76. Kb5 Bc6+ 77. Kc4 Be4 78. Kc3 Bc6 79. Kd3 Be4+ 80. Ke2 Bc6 81. Kf2 Be4 82. Kg3 Kc6 83. Kh4 Kd6 84. Kg5 Ke7 85. Nc4 Bd5 86. Ne5 Bb3 87. Kg6 Ba2 88. Nf3 Bd5 89. Ng5 Ba2 90. Nf3 Bd5 91. Ne5 Ba2 92. Nd3 Bd5 93. Nb4 Bc4 94. Nc6+ Kd6 95. Ne5 Ba2 96. Kf6 Kd5 97. Nf3 Ke4 98. Ng5+ Kxd4 99. Nh3 Ke4 100. Kg5 Bd5 101. Nf2+ Kf3 102. Nd1 Bb3 103. Nc3 Kg3 104. Nb5 Bd5 105. Nd4 Kf2 106. Nb5 Bc4 107. Nd6 Bd5 108. Nxf5 exf5 109. Kxf5 Bb3 110. Ke5 Ba2 111. f5 Bb3 112. f6 Ba2 113. Kd6 Bf7 114. Ke7 Ba2 115. f7 Bxf7 1/2-1/2


[Site "https://www.chess.com"]

[Event "Titled Tuesday Blitz April 25 Early 2023"]
[White "Turzo, Attila"]
[Black "Movahed, Sina"]
[WhiteFideId "704954"]
[BlackFideId "42520835"]
[WhiteElo "2477"]
[BlackElo "2225"]
[Result "0-1"]
[Round "01"]
[TimeControl "180+2"]
[Date "2023.04.25"]
[WhiteClock "0:00:52"]
[BlackClock "0:01:43"]

1. e4 c5 2. Nc3 Nc6 3. f4 e6 4. Nf3 d5 5. Bb5 Ne7 6. Qe2 d4 7. Nb1 a6 8. Bxc6+ Nxc6 9. d3 Be7 10. a4 O-O 11. O-O Rb8 12. e5 b5 13. Nbd2 Nb4 14. Ne4 Bb7 15. axb5 axb5 16. Nfg5 h6 17. Nh3 c4 18. Nhf2 Rc8 19. Ng4 cxd3 20. cxd3 Rc2 21. Qf3 Qd5 22. Bd2 Nxd3 23. Qxd3 Qxe4 24. Qxe4 Bxe4 25. Rf2 Rxb2 26. Re1 Bf5 27. h3 Bh4 28. g3 Bxg3 29. Rg2 Bxe1 30. Nxh6+ Kh7 31. Nxf5 exf5 32. Bxe1 Rxg2+ 33. Kxg2 Rc8 0-1


[Site "https://www.chess.com"]

[Event "Titled Tuesday Blitz April 25 Early 2023"]
[White "demon64fields"]
[Black "Karas, Marek"]
[BlackFideId "14928558"]
[WhiteElo "2891"]
[BlackElo "2233"]
[Result "0-1"]
[Round "01"]
[TimeControl "180+2"]
[Date "2023.04.25"]
[WhiteClock "0:00:01"]
[BlackClock "0:00:08"]

1. Nf3 Nf6 2. g3 d5 3. Bg2 c5 4. O-O Nc6 5. d4 e6 6. c4 cxd4 7. Nxd4 Be7 8. cxd5 exd5 9. Nc3 O-O 10. Nb3 d4 11. Ne4 Bf5 12. Nec5 Qb6 13. Nxb7 Qxb7 14. Na5 Qb6 15. Nxc6 Bc5 16. b4 Bxb4 17. Qb3 Bc3 18. Ba3 Rfe8 19. Ne7+ Rxe7 20. Bxe7 Re8 21. Bxf6 Qxb3 22. axb3 Bxa1 23. Bxg7 Rxe2 24. Rxa1 Kxg7 25. Bf1 Rb2 26. Rd1 Rxb3 27. Rxd4 Rb1 28. Kg2 Bc8 29. Be2 Bb7+ 30. Bf3 Bxf3+ 31. Kxf3 Rb8 32. Ra4 Ra8 33. Ra6 Kf8 34. h4 Ke7 35. Kf4 Kf8 36. h5 Kg8 37. g4 h6 38. Rxh6 a5 39. Rc6 a4 40. Rc2 a3 41. Ra2 Kg7 42. Kg5 Ra5+ 43. Kh4 f6 44. f4 Kh6 45. Kg3 Ra6 46. Kf3 Ra4 47. Ke3 Ra5 48. Ke4 Kg7 49. Kf3 Kh6 50. Kg3 Ra4 51. Kh4 Rxf4 52. Rxa3 f5 53. Ra6+ Kh7 54. Kg5 Rxg4+ 55. Kxf5 Rg1 56. Rg6 Rh1 0-1


[Site "https://www.chess.com"]

[Event "Titled Tuesday Blitz April 25 Early 2023"]
[White "Goncalves, Davi Sulzbacher"]
[Black "Kuzubov, Yuriy"]
[WhiteFideId "2154510"]
[BlackFideId "14112906"]
[WhiteElo "2182"]
[BlackElo "2496"]
[Result "0-1"]
[Round "01"]
[TimeControl "180+2"]
[Date "2023.04.25"]
[WhiteClock "0:00:12"]
[BlackClock "0:01:14"]

1. Nf3 d5 2. c4 d4 3. e3 dxe3 4. fxe3 g6 5. d4 Bg7 6. Nc3 c5 7. Be2 Nf6 8. O-O O-O 9. d5 Bg4 10. e4 Bxf3 11. Bxf3 Nfd7 12. Be3 b6 13. e5 Nxe5 14. d6 Nbc6 15. Bd5 e6 16. Be4 Rc8 17. Bf4 Nd4 18. b3 Qxd6 19. Ne2 Rfd8 20. Kh1 Qe7 21. Qe1 f5 22. Nxd4 Rxd4 23. Bb7 Nd3 24. Bxc8 Nxe1 25. Raxe1 e5 26. Ba6 e4 27. Be3 Rd3 28. Bb5 Qd6 29. Bg5 h6 30. Bf4 Be5 31. Bxe5 Qxe5 32. Bc6 Kg7 33. Bd5 e3 34. Re2 f4 35. Rfe1 Rd2 36. Bf3 Rxe2 37. Bxe2 Qc3 38. Rf1 Qd2 39. Bf3 e2 40. Rg1 e1=Q 0-1


[Site "https://www.chess.com"]

[Event "Titled Tuesday Blitz April 25 Early 2023"]
[White "Bachmann, Axel"]
[Black "Romkachess"]
[WhiteFideId "3700488"]
[WhiteElo "2605"]
[BlackElo "2474"]
[Result "0-1"]
[Round "01"]
[TimeControl "180+2"]
[Date "2023.04.25"]
[WhiteClock "0:00:03"]
[BlackClock "0:00:02"]

1. c4 e5 2. Nc3 Nc6 3. g3 Nf6 4. Bg2 Bc5 5. e3 O-O 6. Nge2 Re8 7. O-O a5 8. d4 exd4 9. exd4 Ba7 10. Nb5 d6 11. Nxa7 Rxa7 12. h3 Bf5 13. d5 Ne5 14. Nd4 Bd3 15. Re1 Bxc4 16. b3 Ba6 17. Re3 Ra8 18. Bb2 Qd7 19. Qc2 Ng6 20. Rc3 Rac8 21. Rc1 Re7 22. Kh2 h5 23. Qd2 Ne4 24. Bxe4 Rxe4 25. R3c2 Ne5 26. Kg2 Bd3 27. f4 Rxd4 28. Bxd4 Be4+ 29. Kf2 Nf3 30. Qe3 Nxd4 31. Qxd4 Bxc2 32. Rxc2 Qxh3 33. Re2 Qh2+ 34. Kf3 Qh1+ 35. Kf2 Qb1 36. Qc3 Qf5 37. Qf3 c6 38. dxc6 Rxc6 39. Rd2 a4 40. Ke2 axb3 41. axb3 h4 42. g4 Qb5+ 43. Kf2 Qb4 44. g5 Rc3 45. Qg4 Qc5+ 46. Kg2 Rg3+ 47. Kh2 Rxg4 48. Re2 Qg1+ 49. Kh3 Qg3# 0-1


[Site "https://www.chess.com"]

[Event "Titled Tuesday Blitz April 25 Early 2023"]
[White "Jovic, Stanoje"]
[Black "Kevlishvili, Robby"]
[WhiteFideId "905020"]
[BlackFideId "1040634"]
[WhiteElo "2236"]
[BlackElo "2572"]
[Result "0-1"]
[Round "01"]
[TimeControl "180+2"]
[Date "2023.04.25"]
[WhiteClock "0:00:02"]
[BlackClock "0:00:18"]

1. c4 e6 2. g3 Nf6 3. Bg2 d5 4. Nf3 Be7 5. O-O O-O 6. d4 dxc4 7. Ne5 Nbd7 8. Nxc4 Rb8 9. Nc3 Nb6 10. Ne5 Nbd5 11. e4 Nb4 12. a3 Nc6 13. Nxc6 bxc6 14. b4 a5 15. bxa5 Ra8 16. Bb2 Rxa5 17. Qd2 c5 18. Nd5 Ra4 19. Nxe7+ Qxe7 20. Qc2 Ra5 21. Bc3 Ra7 22. Rfc1 Rd8 23. dxc5 Qxc5 24. Bxf6 Qxc2 25. Rxc2 gxf6 26. a4 e5 27. h3 Be6 28. a5 Rd4 29. a6 Kf8 30. Rb2 Bc4 31. Bf1 Bxf1 32. Kxf1 Ke7 33. Rb7 Rxb7 34. axb7 Rb4 35. Ra7 Kd7 36. Ke2 Rxe4+ 37. Kf3 Rb4 38. Ra8 Rxb7 39. Rh8 Ke6 40. Rxh7 c5 41. Rh8 Rc7 42. g4 c4 43. Ke2 c3 44. Kd1 Kd5 45. Rh6 f5 46. gxf5 Ke4 47. Rd6 Kf3 48. h4 Kxf2 49. h5 e4 50. h6 e3 51. h7 c2+ 52. Kc1 e2 53. Rd2 Rc8 54. Rxc2 Rh8 55. Kb2 Rxh7 56. Kc3 Rh5 57. Kd3 Rh3+ 58. Ke4 Kf1 0-1


[Site "https://www.chess.com"]

[Event "Titled Tuesday Blitz April 25 Early 2023"]
[White "Costachi, Mihnea"]
[Black "Fieberg, Samuel"]
[WhiteFideId "1217518"]
[BlackFideId "12901717"]
[WhiteElo "2456"]
[BlackElo "2471"]
[Result "0-1"]
[Round "01"]
[TimeControl "180+2"]
[Date "2023.04.25"]
[WhiteClock "0:01:45"]
[BlackClock "0:00:33"]

1. Nc3 d5 2. d4 c5 3. Nf3 Nc6 4. Bf4 cxd4 5. Nxd4 f6 6. e3 e5 7. Nxc6 bxc6 8. Bg3 Bb4 9. a3 Bxc3+ 10. bxc3 Qa5 11. Qd2 Ba6 12. c4 Qxd2+ 13. Kxd2 dxc4 14. Kc3 Ne7 15. e4 O-O-O 16. Bxc4 Bxc4 17. Kxc4 Rd4+ 18. Kb3 Rxe4 19. f3 Re2 20. Rhg1 Kc7 21. Rae1 Rb8+ 22. Kc3 Nd5+ 23. Kd3 Rxe1 24. Rxe1 Rb2 25. Bf2 a5 26. g3 Kd6 27. Ra1 a4 28. Be1 f5 29. Bd2 h6 30. h4 Ke6 31. Ba5 g5 32. hxg5 hxg5 33. Bd2 g4 34. fxg4 e4+ 35. Kd4 c5+ 36. Kxc5 Rxc2+ 37. Kb5 Rxd2 38. gxf5+ Kxf5 39. Kxa4 e3 40. Kb3 e2 41. Re1 Ke4 42. a4 Kd3 43. a5 Rd1 44. Rxe2 Kxe2 45. a6 Ra1 46. a7 Rxa7 0-1


[Site "https://www.chess.com"]

[Event "Titled Tuesday Blitz April 25 Early 2023"]
[White "Shaik Sumer Arsh"]
[Black "Kamsky, Gata"]
[WhiteFideId "45020000"]
[BlackFideId "2000024"]
[WhiteElo "2350"]
[BlackElo "2660"]
[Result "1/2-1/2"]
[Round "01"]
[TimeControl "180+2"]
[Date "2023.04.25"]
[WhiteClock "0:00:24"]
[BlackClock "0:00:18"]

1. d4 Nf6 2. c4 e6 3. Nc3 Bb4 4. e3 O-O 5. Ne2 d5 6. a3 Be7 7. Ng3 a6 8. cxd5 exd5 9. Bd3 c5 10. dxc5 Bxc5 11. O-O Nc6 12. b4 Bd6 13. Bb2 Be5 14. Qc2 d4 15. Nce4 dxe3 16. Nxf6+ Bxf6 17. Bxh7+ Kh8 18. Bxf6 Qxf6 19. fxe3 Qh6 20. Be4 Qxe3+ 21. Kh1 Be6 22. Rae1 Qg5 23. Bxc6 bxc6 24. Qxc6 a5 25. Qe4 axb4 26. axb4 Rab8 27. Rf4 Kg8 28. Rh4 Rfe8 29. Qh7+ Kf8 30. Ne4 Qe5 31. Qh8+ Ke7 32. Qh5 Qxh5 33. Rxh5 Rxb4 34. Nc5 Rb6 35. Nxe6 Rxe6 36. Rxe6+ Kxe6 37. Rg5 Kf6 38. h4 Re4 39. g3 Re2 40. Rg4 g6 41. Rf4+ Ke6 42. Kg1 f5 43. Kf1 Rd2 44. Rf2 Rxf2+ 45. Kxf2 Kf6 46. Kf3 g5 47. hxg5+ Kxg5 48. Kf2 Kg4 49. Kg2 f4 50. gxf4 Kxf4 1/2-1/2


[Site "https://www.chess.com"]

[Event "Titled Tuesday Blitz April 25 Early 2023"]
[White "Grigorov, Grigor"]
[Black "Fernandez Siles, Luis"]
[WhiteFideId "2907313"]
[BlackFideId "2209420"]
[WhiteElo "2510"]
[BlackElo "2195"]
[Result "1/2-1/2"]
[Round "01"]
[TimeControl "180+2"]
[Date "2023.04.25"]
[WhiteClock "0:00:26"]
[BlackClock "0:00:37"]

1. d4 Nf6 2. Nf3 g6 3. Bg5 Bg7 4. Nbd2 O-O 5. c3 d5 6. e3 b6 7. Be2 c5 8. O-O Ba6 9. Bxa6 Nxa6 10. Qe2 Nb8 11. e4 dxe4 12. Nxe4 cxd4 13. Nxd4 Qd5 14. Bxf6 exf6 15. Qf3 Kh8 16. Rfd1 f5 17. Ng5 Qxf3 18. Ngxf3 Na6 19. Nc6 Rfc8 20. Ne7 Rc7 21. Nd5 Rd7 22. Rd2 Nc5 23. Rad1 Ne4 24. Rd3 Nc5 25. R3d2 Ne4 26. Rc2 Rad8 27. c4 Nf6 28. Ne5 Rb7 29. Nc6 Rd6 30. Ncb4 a5 31. Nd3 Nxd5 32. cxd5 Bf6 33. Nf4 Rbd7 1/2-1/2


[Site "https://www.chess.com"]

[Event "Titled Tuesday Blitz April 25 Early 2023"]
[White "Staudenhocker43"]
[Black "Fressinet, Laurent"]
[BlackFideId "608742"]
[WhiteElo "2469"]
[BlackElo "2633"]
[Result "0-1"]
[Round "01"]
[TimeControl "180+2"]
[Date "2023.04.25"]
[WhiteClock "0:00:12"]
[BlackClock "0:00:30"]

1. d4 Nf6 2. c4 e6 3. Nf3 d5 4. Nc3 c6 5. Bg5 Nbd7 6. e3 Qa5 7. Nd2 Bb4 8. Qc2 O-O 9. Bh4 c5 10. Bxf6 Nxf6 11. Nb3 Qa4 12. dxc5 dxc4 13. Bxc4 Qc6 14. O-O Bxc5 15. Nxc5 Qxc5 16. Bd3 Bd7 17. Ne4 Nxe4 18. Bxe4 Qxc2 19. Bxc2 Bc6 20. Rfd1 Rfc8 21. Bb3 Kf8 22. Rac1 Ke7 23. f3 a5 24. a3 Rd8 25. Kf2 Rxd1 26. Rxd1 Ra6 27. Rd3 Rb6 28. a4 Rb4 29. Rc3 f5 30. Ke2 g5 31. Kd3 g4 32. fxg4 Rxg4 33. g3 Rb4 34. Kc2 Kd6 35. Rd3+ Ke5 36. Rd8 h5 37. Rh8 Bxa4 38. Bxa4 Rxa4 39. Rxh5 Re4 40. Kd3 Rb4 41. Kc3 b5 42. h3 Re4 43. Kd3 a4 44. g4 Rb4 45. Kc2 Rb3 46. g5 Rxe3 47. h4 Rg3 48. Rh6 b4 49. g6 b3+ 50. Kd2 Rg2+ 51. Kc3 a3 52. g7 axb2 53. g8=Q Rxg8 54. Kxb2 Rg3 55. h5 Rh3 56. Rh8 Ke4 57. h6 e5 58. h7 f4 59. Ka3 f3 60. Rf8 Rxh7 0-1


[Site "https://www.chess.com"]

[Event "Titled Tuesday Blitz April 25 Early 2023"]
[White "Indjic, Aleksandar"]
[Black "Hajiyev, Kanan"]
[WhiteFideId "911925"]
[BlackFideId "13404148"]
[WhiteElo "2614"]
[BlackElo "2103"]
[Result "1-0"]
[Round "01"]
[TimeControl "180+2"]
[Date "2023.04.25"]
[WhiteClock "0:01:40"]
[BlackClock "0:00:04"]

1. c4 c6 2. d4 d5 3. Nc3 Nf6 4. Nf3 g6 5. h3 Bg7 6. cxd5 cxd5 7. Bf4 O-O 8. e3 Nc6 9. Bd3 Nd7 10. Bg5 Qa5 11. a3 e5 12. b4 Nxb4 13. axb4 Qxb4 14. Qd2 exd4 15. exd4 Re8+ 16. Ne2 Qd6 17. O-O Nb6 18. Rfb1 Nc4 19. Qb4 Qd7 20. Bf4 b6 21. Ne5 Nxe5 22. dxe5 Bb7 23. Bb5 Qe6 24. Nd4 Qe7 25. Bxe8 Qxe8 26. Re1 h6 27. Qd2 g5 28. Bg3 Kh7 29. h4 Qe7 30. Nf5 Qd8 31. Nxg7 Kxg7 32. e6 f6 33. e7 Qd7 34. Rac1 1-0


[Site "https://www.chess.com"]

[Event "Titled Tuesday Blitz April 25 Early 2023"]
[White "Jaskolka, Tomasz"]
[Black "Xiong, Jeffery"]
[WhiteFideId "1170791"]
[BlackFideId "2047640"]
[WhiteElo "2155"]
[BlackElo "2726"]
[Result "0-1"]
[Round "01"]
[TimeControl "180+2"]
[Date "2023.04.25"]
[WhiteClock "0:00:08"]
[BlackClock "0:00:43"]

1. d4 Nf6 2. c4 c5 3. d5 b5 4. cxb5 a6 5. Nc3 axb5 6. e4 b4 7. Nb5 d6 8. Bc4 Nbd7 9. Nf3 g6 10. e5 Nxe5 11. Nxe5 dxe5 12. d6 exd6 13. Bg5 Rb8 14. Qf3 Be7 15. Rd1 Rb6 16. h4 Bg4 17. Qb3 O-O 18. f3 Bd7 19. Bxf6 Bxb5 20. Bxe7 Qxe7 21. h5 Qg5 22. hxg6 hxg6 23. Kf1 Bxc4+ 24. Qxc4 Kg7 25. Kf2 Rd8 26. Rh7+ Kxh7 27. Qxf7+ Kh6 28. Rh1+ Qh5 29. Rxh5+ Kxh5 30. Qh7+ Kg5 31. g3 Rbb8 32. Qg7 b3 33. f4+ exf4 34. gxf4+ Kxf4 35. Qf6+ Ke4 36. Qe6+ Kd4 37. axb3 Rf8+ 38. Ke2 Rbe8 0-1


[Site "https://www.chess.com"]

[Event "Titled Tuesday Blitz April 25 Early 2023"]
[White "Quesada Perez, Yuniesky"]
[Black "Tanmay Jain"]
[WhiteFideId "3504409"]
[BlackFideId "45015481"]
[WhiteElo "2585"]
[BlackElo "2032"]
[Result "1-0"]
[Round "01"]
[TimeControl "180+2"]
[Date "2023.04.25"]
[WhiteClock "0:00:08"]
[BlackClock "0:00:03"]

1. e4 e5 2. Nf3 Nc6 3. Bb5 a6 4. Ba4 Nf6 5. O-O b5 6. Bb3 Bc5 7. a4 Bb7 8. d3 d6 9. c3 O-O 10. Bg5 Bb6 11. Nbd2 Qe7 12. Nh4 Na5 13. Nf5 Qd8 14. Ba2 Bc8 15. b4 Nb7 16. Qf3 Bxf5 17. Qxf5 Qd7 18. Qf3 Qg4 19. Bxf6 Qxf3 20. Nxf3 gxf6 21. Bd5 Rab8 22. Nh4 Nd8 23. axb5 axb5 24. Nf5 Re8 25. g3 c6 26. Bb3 Ne6 27. Ra6 Kf8 28. Kg2 Red8 29. f4 exf4 30. gxf4 d5 31. exd5 cxd5 32. d4 Rdc8 33. Rf3 Bc7 34. Kf2 Nxf4 35. Rxf6 Bd8 36. Ra6 Ng6 37. Bxd5 Rc7 38. Nh6 f6 39. Ng4 Rd7 40. Nxf6 Bxf6 41. Raxf6+ Kg7 42. Rf7+ Rxf7 43. Rxf7+ Kh6 44. Rc7 Rf8+ 45. Kg3 Re8 46. Bf3 Re3 47. Kf2 Rd3 48. Be4 Rh3 49. Bxg6 hxg6 50. Rc5 Rxh2+ 51. Ke3 Rh3+ 52. Ke4 Rh4+ 53. Kd3 g5 54. Rxb5 g4 55. Rb8 Rh5 56. Rg8 Rh3+ 57. Kc4 g3 58. b5 Kh7 59. Rg4 Kh6 60. b6 Rh1 61. Rxg3 Rb1 62. Kc5 Kh5 63. c4 Kh4 64. Re3 Kg4 65. Re5 Kf4 66. Kc6 Rc1 67. c5 Re1 68. b7 Rb1 69. Re8 1-0


[Site "https://www.chess.com"]

[Event "Titled Tuesday Blitz April 25 Early 2023"]
[White "Khamdamova, Afruza"]
[Black "Donchenko, Alexander"]
[WhiteFideId "14210444"]
[BlackFideId "24603295"]
[WhiteElo "2210"]
[BlackElo "2542"]
[Result "0-1"]
[Round "01"]
[TimeControl "180+2"]
[Date "2023.04.25"]
[WhiteClock "0:00:02"]
[BlackClock "0:00:29"]

1. e4 c6 2. d4 d5 3. Nc3 dxe4 4. Nxe4 Nf6 5. Qd3 Nbd7 6. Nf3 Nxe4 7. Qxe4 Nf6 8. Qd3 g6 9. Be2 Bf5 10. Qb3 Qb6 11. c3 Bg7 12. O-O O-O 13. Bf4 Be6 14. Qc2 Bf5 15. Qb3 Be6 16. Qc2 a5 17. c4 a4 18. Rad1 Bf5 19. Qc1 Rfd8 20. Rfe1 Bg4 21. Be5 Ne4 22. Bxg7 Kxg7 23. Qf4 Nf6 24. Rd2 Bxf3 25. Bxf3 Rd7 26. Red1 Rad8 27. g3 Qb4 28. Be2 e6 29. a3 Qb6 30. Qe5 Qc7 31. Qxc7 Rxc7 32. Rd3 Ne4 33. f3 Nd6 34. Rc1 Rcd7 35. g4 g5 36. Kf2 Nc8 37. Ke3 Nb6 38. Rcc3 Kg6 39. Bd1 e5 40. Bc2 exd4+ 41. Rxd4+ Kg7 42. Rxd7 Nxd7 43. Rd3 Re8+ 44. Kd2 Nc5 45. Re3 Rd8+ 46. Kc3 Kf6 47. Kb4 b6 48. Bxa4 Rd2 49. Kc3 Rxh2 50. Bc2 h5 51. gxh5 Rxh5 52. b4 Nd7 53. a4 Rh4 54. a5 bxa5 55. bxa5 Ne5 56. Bb3 c5 57. a6 Rh8 58. Re1 Ra8 59. Ra1 Ke6 60. Bd1 Kd6 61. Ra5 Nc6 62. Ra2 Kc7 63. Rg2 f6 64. Rh2 Rxa6 65. Rh7+ Kd6 66. Rf7 Ke6 67. Rc7 Kf5 68. Bc2+ Kf4 69. Be4 Ne5 70. Rxc5 Nxf3 71. Bb7 Ra1 72. Bxf3 Kxf3 73. Rf5+ Ke4 74. Rxf6 g4 75. Rg6 Kf3 76. Kd4 g3 77. c5 g2 78. Kd5 Ra4 79. c6 Rg4 80. Rf6+ Kg3 81. c7 g1=Q 82. c8=Q Qd4+ 83. Ke6 Qe4+ 84. Kd7 Rg7+ 85. Kd6 Qe7+ 86. Kc6 Qxf6+ 0-1


[Site "https://www.chess.com"]

[Event "Titled Tuesday Blitz April 25 Early 2023"]
[White "Galchenko, Matvey"]
[Black "Estrada Nieto, Julian"]
[WhiteFideId "24175480"]
[BlackFideId "5101018"]
[WhiteElo "2423"]
[BlackElo "2161"]
[Result "1-0"]
[Round "01"]
[TimeControl "180+2"]
[Date "2023.04.25"]
[WhiteClock "0:01:00"]
[BlackClock "0:00:09"]

1. f4 d5 2. Nf3 g6 3. g3 Bg7 4. Bg2 Nf6 5. O-O O-O 6. d3 c5 7. Nc3 d4 8. Na4 Nbd7 9. c4 Rb8 10. a3 a6 11. b4 b5 12. cxb5 axb5 13. Nxc5 Nxc5 14. bxc5 Nd5 15. Bd2 Bg4 16. Qb3 Nc3 17. e4 Qc7 18. Qb4 Rfc8 19. Bxc3 dxc3 20. d4 Rd8 21. e5 Qd7 22. Qxc3 Bxf3 23. Bxf3 Qxd4+ 24. Qxd4 Rxd4 25. c6 Rc4 26. Rac1 e6 27. Rxc4 bxc4 28. Rc1 Bf8 29. Rxc4 Bxa3 30. c7 Rb1+ 31. Kg2 Rb2+ 32. Kh3 1-0


[Site "https://www.chess.com"]

[Event "Titled Tuesday Blitz April 25 Early 2023"]
[White "Heinemann, Josefine"]
[Black "Bacrot, Etienne"]
[WhiteFideId "12900460"]
[BlackFideId "605506"]
[WhiteElo "2342"]
[BlackElo "2663"]
[Result "0-1"]
[Round "01"]
[TimeControl "180+2"]
[Date "2023.04.25"]
[WhiteClock "0:00:08"]
[BlackClock "0:00:33"]

1. e4 c5 2. Nf3 d6 3. Bb5+ Bd7 4. Bxd7+ Qxd7 5. c4 Nc6 6. O-O g6 7. d4 cxd4 8. Nxd4 Bg7 9. Be3 Nf6 10. f3 O-O 11. Nc3 Rac8 12. b3 Rfd8 13. Qd2 Qc7 14. Rac1 Qb8 15. Rfd1 e6 16. Ndb5 Ne8 17. Bg5 Rd7 18. c5 a6 19. Nxd6 Bd4+ 20. Kh1 Bxc5 21. e5 Nxe5 22. Nce4 Bxd6 23. Rxc8 Qxc8 24. f4 Be7 25. Qe2 Rxd1+ 26. Qxd1 Bxg5 27. fxg5 Qc6 28. Nf6+ Nxf6 29. gxf6 Nd7 0-1


[Site "https://www.chess.com"]

[Event "Titled Tuesday Blitz April 25 Early 2023"]
[White "Kravtsiv, Martyn"]
[Black "Santos Flores, Alberto"]
[WhiteFideId "14113147"]
[BlackFideId "3601234"]
[WhiteElo "2695"]
[BlackElo "2235"]
[Result "1-0"]
[Round "01"]
[TimeControl "180+2"]
[Date "2023.04.25"]
[WhiteClock "0:02:25"]
[BlackClock "0:01:43"]

1. e4 c5 2. Nf3 Nc6 3. Bb5 g6 4. O-O Bg7 5. Bxc6 dxc6 6. d3 Bg4 7. Nbd2 e5 8. a4 a5 9. Nc4 Qc7 10. h3 Bxf3 11. Qxf3 Nf6 12. Bg5 Nd7 13. Qg3 Nf8 14. f4 h6 15. fxe5 hxg5 16. Nd6+ Kd8 17. Rxf7 Nd7 18. Rxg7 1-0


[Site "https://www.chess.com"]

[Event "Titled Tuesday Blitz April 25 Early 2023"]
[White "Akylbek2021"]
[Black "Harsha Bharathakoti"]
[BlackFideId "5078776"]
[WhiteElo "2459"]
[BlackElo "2504"]
[Result "0-1"]
[Round "01"]
[TimeControl "180+2"]
[Date "2023.04.25"]
[WhiteClock "0:00:09"]
[BlackClock "0:00:12"]

1. e4 e6 2. d4 d5 3. e5 c5 4. c3 Nc6 5. Nf3 Bd7 6. Bd3 Qb6 7. O-O cxd4 8. Re1 Nge7 9. h4 a6 10. a3 Rc8 11. b4 dxc3 12. Nxc3 Nxb4 13. Na4 Bxa4 14. Qxa4+ Nbc6 15. Rb1 Qc7 16. Be3 Qd7 17. Rec1 Nf5 18. Bxf5 exf5 19. Nd4 Be7 20. Nxc6 bxc6 21. Qxa6 O-O 22. Rb7 Qe6 23. Rxe7 Qxe7 24. Bc5 Qxh4 25. Bxf8 Rxf8 26. Qxc6 Qe4 27. Qd6 g6 28. Rc7 Qe1+ 29. Kh2 Qxf2 30. Qxd5 Qf4+ 31. g3 Qf2+ 32. Kh3 Qf1+ 33. Kh4 h6 34. g4 g5+ 35. Kg3 Qf4+ 36. Kg2 Qxg4+ 37. Kh2 Qe2+ 38. Kh3 g4+ 39. Kg3 Qe3+ 40. Kg2 f4 41. e6 Qxe6 42. Qd3 f3+ 43. Kf2 Qb6+ 0-1


[Site "https://www.chess.com"]

[Event "Titled Tuesday Blitz April 25 Early 2023"]
[White "Janik, Igor"]
[Black "HamedWafa4"]
[WhiteFideId "1159259"]
[WhiteElo "2484"]
[BlackElo "2459"]
[Result "1-0"]
[Round "01"]
[TimeControl "180+2"]
[Date "2023.04.25"]
[WhiteClock "0:00:53"]
[BlackClock "0:00:09"]

1. Nf3 c5 2. g3 Nc6 3. c4 g6 4. Bg2 Bg7 5. O-O e5 6. Nc3 Nge7 7. d3 O-O 8. Ne1 d6 9. Nc2 Be6 10. Rb1 Rb8 11. b4 b6 12. b5 Nd4 13. Ne3 Qd7 14. Ned5 Nxd5 15. Nxd5 Bh3 16. e3 Bxg2 17. Kxg2 Ne6 18. Qa4 Ra8 19. Qa6 Rfb8 20. Bb2 Nc7 21. Nxc7 Qxc7 22. e4 Rf8 23. Qa4 f5 24. Qc2 f4 25. f3 h5 26. Bc3 Bh6 27. a4 g5 28. Qe2 Kh7 29. Ra1 Rg8 30. a5 Raf8 31. axb6 axb6 32. Ra6 g4 33. Qa2 Rg7 34. Ra8 Rxa8 35. Qxa8 h4 36. fxg4 hxg3 37. h3 Rf7 38. Qe8 Re7 39. Qh5 Rg7 40. h4 Qf7 41. Qxf7 Rxf7 42. g5 Bf8 43. Kf3 Kg6 44. Kg4 Rh7 45. Rh1 Rh5 46. Ra1 Be7 47. Be1 Bxg5 48. hxg5 Rxg5+ 49. Kf3 Rh5 50. Ra6 Rh1 51. Bxg3 fxg3 52. Rxb6 Rf1+ 53. Kxg3 Rf6 54. Rc6 Kf7 55. b6 Rg6+ 56. Kf3 1-0


[Site "https://www.chess.com"]

[Event "Titled Tuesday Blitz April 25 Early 2023"]
[White "Dudzinski, Pawel"]
[Black "Kukhmazov, Arsen"]
[WhiteFideId "1117890"]
[BlackFideId "24108260"]
[WhiteElo "2099"]
[BlackElo "2396"]
[Result "0-1"]
[Round "01"]
[TimeControl "180+2"]
[Date "2023.04.25"]
[WhiteClock "0:00:02"]
[BlackClock "0:00:40"]

1. e4 e5 2. Nf3 Nc6 3. d4 exd4 4. Nxd4 Nf6 5. Nxc6 bxc6 6. e5 Qe7 7. Qe2 Nd5 8. c4 Ba6 9. b3 g6 10. f4 g5 11. fxg5 Bg7 12. Bb2 Qxg5 13. Nd2 Nf4 14. Qe4 Ne6 15. Nf3 Qg6 16. Qxg6 hxg6 17. O-O-O c5 18. g3 Bb7 19. Bg2 a5 20. Ne1 Bxg2 21. Nxg2 a4 22. Kc2 axb3+ 23. axb3 Ra2 24. Ra1 Rxb2+ 25. Kxb2 Bxe5+ 26. Kb1 Bxa1 27. Kxa1 Ke7 28. Kb2 Nd4 29. h4 Rb8 30. Re1+ Kd6 31. Re3 c6 32. Nf4 Ne6 33. Rd3+ Ke7 34. Re3 d6 35. Nxe6 fxe6 36. Rf3 e5 37. g4 Rh8 38. Rh3 d5 39. Kc3 Ke6 40. h5 gxh5 41. gxh5 Rh6 42. b4 d4+ 43. Kb3 cxb4 44. Kxb4 Kd6 45. Rg3 e4 46. c5+ Ke6 47. Kc4 d3 48. Kd4 Kf5 49. Rg2 Kf4 50. Rf2+ Kg3 51. Ke3 Rxh5 52. Rf6 Rxc5 53. Rg6+ Kh4 54. Rd6 Rd5 55. Re6 d2 56. Rxe4+ Kg5 57. Re5+ Rxe5+ 0-1


[Site "https://www.chess.com"]

[Event "Titled Tuesday Blitz April 25 Early 2023"]
[White "Narayanan, Srinath"]
[Black "Nilsen, Tobias Lang"]
[WhiteFideId "5018420"]
[BlackFideId "1521624"]
[WhiteElo "2438"]
[BlackElo "2183"]
[Result "1-0"]
[Round "01"]
[TimeControl "180+2"]
[Date "2023.04.25"]
[WhiteClock "0:01:54"]
[BlackClock "0:01:49"]

1. Nf3 d5 2. e3 Nf6 3. c4 e6 4. Nc3 c5 5. cxd5 exd5 6. d4 Nc6 7. Be2 Be7 8. dxc5 Bxc5 9. O-O O-O 10. b3 Bg4 11. Bb2 Re8 12. Rc1 Bb6 13. Na4 Bc7 14. Nc5 Ne4 15. Nxb7 Qd7 16. Bb5 Re6 17. Nc5 Qd6 18. Nxe4 Rxe4 19. Rxc6 Qd8 20. h3 Bd7 21. Qxd5 Bxc6 22. Bxc6 1-0


[Site "https://www.chess.com"]